 Dungeon Crawl Stone Soup version 0.23.2-30-g0e89c35649 (webtiles) character file.

Game seed: 10283203449778508537

46 TrebMcFLY the Skirmisher (level 3, -3/24 HPs)
             Began as a Gargoyle Fighter on June 10, 2019.
             Slain by a gnoll
             ... wielding a +0 halberd
              (11 damage)
             ... on level 2 of the Dungeon.
             The game lasted 00:03:23 (1483 turns).

TrebMcFLY the Skirmisher (Gargoyle Fighter)         Turns: 1483, Time: 00:03:24

Health: -3/24      AC: 12    Str: 20    XL:     3   Next: 68%
Magic:  3/3        EV:  7    Int:  8    God:
Gold:   90         SH:  9    Dex:  9    Spells: 2/2 levels left

rFire    . . .     SeeInvis .   a - +0 flail
rCold    . . .     Gourm    .   c - +0 shield
rNeg     + . .     Faith    .   b - +0 scale mail
rPois    ∞         Spirit   .   (no helmet)
rElec    +         Reflect  .   j - +0 cloak
rCorr    .         Harm     .   (no gloves)
MR       .....                  o - +0 pair of boots
Stlth    ..........             q - amulet of the acrobat
HPRegen  0.08/turn              (no ring)
MPRegen  0.08/turn              (no ring)

@: no status effects
A: negative energy resistance 1, electricity resistance, unbreathing,
petrification resistance, rot immunity, AC +3
a: no special abilities


You were on level 2 of the Dungeon.
You were near starving.

You visited 1 branch of the dungeon, and saw 2 of its levels.

You collected 90 gold pieces.

Inventory:

Hand Weapons
 a - a +0 flail (weapon)
Armour
 b - a +0 scale mail (worn)
 c - a +0 shield (worn)
 j - a +0 cloak (worn)
 o - a +0 pair of boots (worn)
Jewellery
 q - an amulet of the acrobat (around neck)
Scrolls
 e - a scroll of teleportation {unknown}
 g - 4 scrolls of enchant weapon {unknown}
 h - a scroll of blinking {unknown}
 l - a scroll of immolation {unknown}
 m - 2 scrolls of remove curse {unknown}
 p - a scroll of identify {unknown}
 r - a scroll of enchant armour {unknown}
Potions
 d - a potion of might
 i - 2 potions of curing {unknown}
 k - a potion of heal wounds {unknown}
 n - a potion of lignification {unknown}
Comestibles
 f - a ration


   Skills:
 + Level 3.9 Fighting
 * Level 3.4 Maces & Flails
 - Level 3.2 Armour
 - Level 3.2 Shields


You had 2 spell levels left.
You didn't know any spells.
Your spell library was empty.

Dungeon Overview and Level Annotations

Branches:
Dungeon (2/15)

Altars:
Yredelemnul


Innate Abilities, Weirdness & Mutations

You are resistant to torment.
Your stone body is resilient. (AC +3)
You are immune to poison.
You resist negative energy. (rN+)
You are resistant to electric shocks. (rElec)
You can survive without breathing.
You are immune to petrification.
You are immune to rotting.


Message History

The gnoll barely misses you.
You sock the gnoll!
You kill the gnoll!
You block the gnoll's attack. The gnoll closely misses you.
You see here a +0 spear.
You completely miss the gnoll. The gnoll closely misses you.
The gnoll barely misses you. You block the gnoll's attack.
You barely miss the gnoll.
The gnoll hits you but does no damage. x2
You hit the gnoll.
The gnoll is heavily wounded.
The gnoll barely misses you. You block the gnoll's attack.
You closely miss the gnoll.
The gnoll is heavily wounded.
The gnoll hits you from afar with a +0 halberd.
The gnoll hits you with a +0 halberd.
You hit the gnoll.
The gnoll is heavily wounded.
The gnoll hits you from afar with a +0 halberd!
You die...

## ########..........(......#
.# #......#.......(......##.#
.########.#.................#
.#........#.............#####
.#.#####..#.............#
.#.# #..#......ggg....# .#.#
#(.########.###### ##.#
#......####g# ...#
#.P.P...†@gg#
########.._...######
.........P.P........
########.....#########
#......^..............
#.#######.##############
#.#.....................
#.#.#####....###########
#...# ####.#


You could see 3 gnolls.

Vanquished Creatures
  2 gnolls
  A dart slug (D:1)
  2 leopard geckos
  A giant cockroach (D:1)
  2 goblins (D:1)
  3 hobgoblins (D:1)
  2 jackals (D:1)
  A quokka (D:2)
  3 bats
  2 frilled lizards
  2 kobolds (D:1)
  2 rats
23 creatures vanquished.

Notes
Turn   | Place    | Note
-------+----------+-------------------------------------------
     0 | D:1      | TrebMcFLY the Gargoyle Fighter began the quest for the Orb.
     0 | D:1      | Reached XP level 1. HP: 14/14 MP: 1/1
   328 | D:1      | Reached XP level 2. HP: 10/19 MP: 2/2
   772 | D:1      | Reached XP level 3. HP: 21/24 MP: 3/3
  1267 | D:2      | Found a basalt altar of Yredelemnul.
  1483 | D:2      | Slain by a gnoll

Skill      XL: |  1  2 |
---------------+-------+-----
Maces & Flails | 3 |  3.4
Fighting       | |  3.9
Armour         | |  3.2
Shields        | |  3.2

Action                   || total
-------------------------++-------
Melee: Flail             ||   116
Armor: Scale mail        ||    62
Dodge: Dodged            ||    61
Block: Shield            ||    76
